 Dungeon Crawl Stone Soup version 0.29-a0-393-g47a863cc1b (webtiles) character file.

Game seed: 13043626090556490098

1927 dolemite99 the Cleaver (level 8, -20/62 HPs)
             Began as a Minotaur Gladiator on May 10, 2022.
             Was a Priest of Dithmenos.
             Demolished by a two-headed ogre
             ... wielding a +0 giant club
              (29 damage)
             ... on level 6 of the Dungeon.
             The game lasted 00:09:00 (6036 turns).

dolemite99 the Cleaver (Minotaur Gladiator)         Turns: 6036, Time: 00:09:01

Health: -20/62     AC: 17    Str: 21    XL:     8   Next: 96%
Magic:  7/7        EV:  6    Int: 11    God:    Dithmenos [***...]
Gold:   175        SH:  5    Dex: 12    Spells: 7/7 levels left

rFire   . . .      SeeInvis .   a - +1 war axe (venom)
rCold   . . .      Faith    .   (no shield)
rNeg    . . .      Spirit   .   j - +0 plate armour
rPois   .          Reflect  +   m - +2 hat {Stlth+}
rElec   .          Harm     .   f - +1 cloak
rCorr   .          Rampage  .   i - +2 pair of gloves
Will    .....                   (no boots)
Stlth   ..........              g - amulet of reflection
HPRegen 0.20/turn               s - +6 ring of intelligence
MPRegen 0.10/turn               (no ring)

@: about to teleport, flying, wreathed by umbra
A: horns 2, retaliatory headbutt
a: Renounce Religion, Shadow Step


You were on level 6 of the Dungeon.
You worshipped Dithmenos.
Dithmenos was most pleased with you.
You visited 1 branch of the dungeon, and saw 6 of its levels.
You also visited: Ossuary.

You collected 265 gold pieces.
You spent 90 gold pieces at shops.

Inventory:

Hand Weapons
 a - a +1 war axe of venom (weapon)
 b - a +0 trident
 q - a +0 morningstar
 J - a +0 war axe
 K - a +0 broad axe
 N - a +2 vampiric hand axe
 O - a +2 vorpal morningstar
Missiles
 d - 4 throwing nets (quivered)
 e - a javelin
 l - 8 boomerangs
 x - 13 poisoned darts
 L - 3 atropa-tipped darts
Armour
 f - a +1 cloak (worn)
 i - a +2 pair of gloves (worn)
 j - a +0 plate armour (worn)
 k - a +1 hat
 m - a +2 hat of stealth (worn)
Jewellery
 g - an amulet of reflection (around neck)
 o - an amulet of the acrobat
 s - a +6 ring of intelligence (left hand)
Wands
 y - a wand of digging (7)
 M - a wand of paralysis (12)
Scrolls
 h - 2 scrolls of fog
 t - 2 scrolls of teleportation
 z - 4 scrolls of immolation
 F - 5 scrolls of noise
 I - 2 scrolls of identify {@r1}
Potions
 c - a potion of berserk rage {unknown}
 n - a potion of attraction {unknown}
 p - 2 potions of heal wounds
 u - 2 potions of brilliance {unknown}
 v - 6 potions of curing
 w - 2 potions of haste {unknown}
 A - a potion of might {unknown}
 B - 2 potions of magic {unknown}
 C - a potion of invisibility {unknown}
 D - a potion of cancellation {unknown}
 E - a potion of lignification {unknown}
 G - a potion of experience {unknown}
 H - a potion of mutation {unknown}


   Skills:
 - Level 2.4 Fighting
 + Level 11.7(12.7) Axes
 - Level 8.2(11.1) Polearms
 - Level 2.0 Throwing
 - Level 3.2 Dodging


You had 7 spell levels left.
You didn't know any spells.
Your spell library contained the following spells:

 Spells                   Type           Power      Damage    Failure   Level
 Conjure Flame            Conj/Fire      0%         6-21      100%        3
 Ignite Poison            Fire/Tmut/Pois 0%         N/A       100%        3
 Sticky Flame             Conj/Fire      0%         2d3       100%        4


Dungeon Overview and Level Annotations

Branches:
Dungeon (6/15)             Temple (0/1) D:6         Ossuary (visited)

Altars:
Dithmenos
Elyvilon
Nemelex Xobeh
Okawaru
Sif Muna

Shops:
D:1 :(::   D:6 *

Annotations:
D:5 2 transporters, Selrock's ghost, novice GrFi


Innate Abilities, Weirdness & Mutations

You have a pair of horns on your head.
You reflexively headbutt those who attack you in melee.


Message History

You feel sick.
You kill the scorpion!
Dithmenos accepts your kill.
No target in view!
You feel sick.
No target in view!
You feel sick.
No target in view!
You feel sick.
You feel sick.
An orc is nearby!
An orc is nearby!
You feel sick.
There is an entrance to Zoafat's Mayhem Merchandise here.
You feel sick.
You feel sick.
You feel sick.
You are no longer poisoned.
You slash the two-headed ogre!
The two-headed ogre is lightly wounded.
You hit the orc but do no damage.
The orc is poisoned.
The orc barely misses you.
The two-headed ogre hits you with a +0 giant club!!
* * * LOW HITPOINT WARNING * * *
The two-headed ogre hits you with a +0 giant spiked club!
* * * LOW HITPOINT WARNING * * *
It was a potion of flight.
You feel very buoyant.
You fly up into the air.
The orc hits you but does no damage.
Unknown command.
As you read the scroll of teleportation, it crumbles to dust.
You feel strangely unstable. You block the two-headed ogre's attack.
The two-headed ogre hits you with a +0 giant spiked club.
* * * LOW HITPOINT WARNING * * *
The orc hits you but does no damage. The orc closely misses you.
The orc barely misses you.
The two-headed ogre attacks as you move away!
The two-headed ogre hits you with a +0 giant club!!
You die...

##.......##.........#.......#
#.⌠#####⌠(#.#8.>.8..#.......#
#.##...##.#.#.......#.s.....#
#.#.⌠.⌠.#.#..#.8.##.^..._...#(.
#....<..#.'.#..#..#.#.......#..
#.#.⌠.⌠.#.#.#.......#.......#..
#.##...##.#...∩.<#..#.......#..
#.⌠#####⌠.#......##.####.####..
##.......#####@..##............
#########...Oo#..............#
##...##...#........O.#
##..##.#.#..........#
#...#..#.........).g.
##...#...............#
.....<...............#
....#.................
....###................


You could see a two-headed ogre and an orc (very poisoned).

Vanquished Creatures
  A sky beast (D:6)
  A black bear (D:3)
  An ice beast (D:5)
  An orc warrior (D:6)
  3 ogres
  3 phantoms
  A kobold brigand (D:5)
  2 scorpions (D:6)
  A bullfrog (D:6)
  A necrophage (D:5)
  A howler monkey (D:5)
  3 human zombies (Ossuary)
  5 hounds
  2 orc priests
  5 orc wizards
  3 mummies (Ossuary)
  3 gnolls (D:6)
  8 adders
  A shadow imp (D:6)
  A white imp (D:6)
  An ufetubus (D:6)
  3 worms
  2 dart slugs
  23 orcs
  4 bats
  6 endoplasms
  3 giant cockroaches
  6 goblins
  5 hobgoblins
  6 jackals
  6 quokkas
  4 ball pythons
  2 frilled lizards
  A goblin zombie (Ossuary)
  2 hobgoblin zombies (Ossuary)
  13 kobolds
  A kobold zombie (Ossuary)
  An orc zombie (Ossuary)
  5 rats
141 creatures vanquished.

Notes
Turn   | Place    | Note
-------+----------+-------------------------------------------
     0 | D:1      | dolemite99 the Minotaur Gladiator began the quest for the
                  | Orb.
     0 | D:1      | Reached XP level 1. HP: 18/18 MP: 0/0
   187 | D:1      | Found Hoapunaf's Weapon Shop.
   190 | D:1      | Reached XP level 2. HP: 25/25 MP: 1/1
   233 | D:1      | Found Feffobid's Book Shoppe.
   257 | D:1      | Found a faded altar of an unknown god.
   423 | D:1      | Found Vuryfyl's Book Emporium.
   612 | D:1      | Found Ungo Zom's Book Boutique.
   817 | D:2      | Reached skill level 5 in Polearms
   986 | D:2      | Reached XP level 3. HP: 30/30 MP: 2/2
  1133 | D:2      | Found a shadowy altar of Dithmenos.
  1149 | D:2      | Became a worshipper of Dithmenos the Shadowed
  1619 | D:3      | Noticed a black bear
  1623 | D:3      | Reached XP level 4. HP: 21/37 MP: 3/3
  1848 | D:2      | Reached * piety under Dithmenos
  1867 | D:3      | Killed a black bear
  1868 | D:3      | Reached XP level 5. HP: 42/42 MP: 4/4
  2215 | D:3      | Reached XP level 6. HP: 50/50 MP: 5/5
  2520 | D:4      | Reached skill level 1 in Axes
  2564 | D:4      | Reached skill level 2 in Axes
  2684 | D:4      | Reached skill level 3 in Axes
  2834 | D:4      | Reached skill level 4 in Axes
  2975 | D:4      | Reached ** piety under Dithmenos
  2976 | D:4      | Reached skill level 5 in Axes
  2976 | D:4      | Reached XP level 7. HP: 56/56 MP: 6/6
  3371 | D:5      | Entered Level 5 of the Dungeon
  3424 | D:5      | Reached skill level 6 in Axes
  3501 | D:5      | Found a sand-covered staircase.
  3515 | Ossuary  | Entered an ossuary
  4145 | Ossuary  | Reached skill level 7 in Axes
  4218 | D:5      | Reached skill level 8 in Axes
  4277 | D:5      | Found a transporter.
  4285 | D:5      | Reached XP level 8. HP: 40/62 MP: 7/7
  4304 | D:5      | Noticed Selrock's ghost (novice GrFi)
  4536 | D:5      | Found a transporter.
  4542 | D:5      | Reached skill level 9 in Axes
  4623 | D:5      | Found a white marble altar of Elyvilon.
  4624 | D:5      | Found a shimmering blue altar of Sif Muna.
  4940 | D:6      | Found an iron altar of Okawaru.
  5086 | D:6      | Noticed a two-headed ogre
  5289 | D:6      | Reached skill level 10 in Axes
  5433 | D:6      | Found a staircase to the Ecumenical Temple.
  5436 | D:6      | Found Zoafat's Mayhem Merchandise.
  5448 | D:6      | Bought a +0 war axe for 42 gold pieces
  5448 | D:6      | Bought a +0 broad axe for 48 gold pieces
  5519 | D:6      | Found a sparkling altar of Nemelex Xobeh.
  5607 | D:6      | Reached *** piety under Dithmenos
  5655 | D:6      | Reached skill level 11 in Axes
  6036 | D:6      | Demolished by a two-headed ogre

Illustrated notes

Levels and vault maps discovered:
D:1:      dpeg_arrival_stonehenge_12_columns, layout_basic,
          basic_ecumenical_altar, serial_shops,
          nicolae_shop_bloodbath_and_beyond, shop_fountains,
          nicolae_shop_hallway_stairs, shop
D:2:      minmay_angry_zag, layout_loops_ring, basic_altar
D:3:      layout_rooms
D:4:      layout_loops_cross, minmay_crystal_water
D:5:      layout_basic, mainiacjoe_overflow_divided_tiny,
          lightli_ossuary_entry_decrepit_ruins, gammafunk_ghost_stat_death
D:6:      layout_cave_pools, lemuel_tele_altar,
          chequers_temple_overflow_statue_of_worship,
          minmay_temple_entry_statues_pillars, serial_shops, shop_statue,
          small_statue_intersection, dreamdust_wishing_well, minmay_shop_mayhem,
          grunt_ministairs_11, minmay_misc_feat_four_crosses

Skill      XL: |  1  2  3  4  5  6  7  8 |
---------------+-------------------------+-----
Polearms       | 4 5 6 7 8 |  8.2
Axes           | 5 8 11 | 11.7
Fighting       | |  2.4
Throwing       | |  2.0
Dodging        | |  3.2

Action                   |  1- 3 |  4- 6 |  7- 9 || total
-------------------------+-------+-------+-------++-------
Melee: Trident           |    97 |    78 |       ||   175
       Headbutt          |     7 |    19 |    40 ||    66
       Punch             |     1 |       |     2 ||     3
       War axe           |       |    50 |   193 ||   243
  Use: Scroll            |     2 |     2 |     8 ||    12
       Potion            |       |       |     1 ||     1
Armor: Leather armour    |     5 |       |       ||     5
       Plate armour      |    44 |    94 |   107 ||   245
Dodge: Dodged            |    20 |    41 |    52 ||   113
Block: Other             |    21 |    32 |    30 ||    83
       Reflection        |       |     1 |       ||     1

Table legend: (Time is in decaauts)
 A = Elapsed time spent in this place.
 B = Non-inter-level travel time spent in this place.
 C = Inter-level travel time spent in this place.
 D = Time resting spent in this place.
 E = Time spent auto-exploring this place.
 F = Levels seen in this place.
 G = Mean time per level.
                   A        B        C        D        E       F      G
               +--------+--------+--------+--------+--------+-----+--------+
         Total |   6050 |   5808 |    242 |   1596 |   2798 |   7 |  864.3 |
       Dungeon |   5358 |   5116 |    242 |   1200 |   2706 |   6 |  893.0 |
       Ossuary |    691 |    691 |      0 |    396 |     92 |   1 |  691.0 |
               +--------+--------+--------+--------+--------+-----+--------+

Top non-repeatable levels by time:
     D:5: 1203 daAuts
     D:2: 1031 daAuts
     D:4: 889 daAuts
     D:6: 772 daAuts
     D:1: 754 daAuts
     D:3: 707 daAuts
 Ossuary: 691 daAuts
